AoeStats
← 等我升精锐

Black Forest

509386025Analyzed
4v4 RM · 7d ago on Sep 26, 2026· 72m 50s· 8 players
Game mode
Random Map
Map size
Large (8 player)
Population
200
Speed
Normal
Resources
Standard
Victory
Conquest
Starting age
Dark Age
Ending age
Imperial Age
RankedLock teamsTeams togetherTeam positionsShared explorationLock speedFull tech treeHidden civsTurbo modeCheats
Victory
Defeat
1322
+13
🇨🇳 Sicilians · China
1282
+15
🇨🇳 Goths · China
1273
+15
🇨🇳 Armenians · China
1272
+15
🇸🇪 Portuguese · Sweden
1323
-17
🇦🇷 Japanese · Argentina
1291
-16
🇹🇼 Persians · Taiwan
1212
-13
🇸🇮 Saxons · Slovenia
1200
-12
Jkun
12:38 Feudal Age
16:50 Castle Age
14:50 Double-Bit Axe
15:19 Horse Collar
18:01 Loom
24:51 Bow Saw
24:44 Heavy Plow
26:01 Wheelbarrow
26:02 Gold Mining
26:10 Stone Mining
27:23 Gold Shaft Mining
27:21 Hand Cart
28:35 Fletching
28:46 Padded Archer Armor
31:51 Imperial Age
29:10 Town Watch
29:31 Bodkin Arrow
30:34 Leather Archer Armor
30:58 Ballistics
30:23 Treadmill Crane
31:04 Ballistics
31:44 Town Patrol
31:52 Scale Mail Armor
31:21 Pikeman
32:01 Squires
31:46 Arson
33:00 Coinage
32:02 Elite Composite Bowman
33:05 Conscription
32:51 Bracer
33:21 Ring Archer Armor
33:13 Forging
34:15 Chemistry
33:35 Guilds
33:47 Chain Mail Armor
35:41 Banking
35:50 Iron Casting
35:46 Plate Mail Armor
34:38 Halberdier
36:25 Arson
37:51 Blast Furnace
37:34 Man-at-Arms
38:01 Gambesons
39:32 Fereters
39:05 Long Swordsman
39:08 Capped Ram
39:44 Two-Handed Swordsman
40:17 Siege Ram
40:21 Champion
44:55 Fortified Wall
44:56 Masonry
45:37 Murder Holes
46:59 Crossbowman
48:48 Arbalester
61:22 Elite Skirmisher
65:56 Caravan
A先生
5:21 Loom
11:19 Feudal Age
11:21 Man-at-Arms
12:22 Double-Bit Axe
15:44 Fletching
16:34 Horse Collar
19:14 Forging
19:16 Scale Mail Armor
24:51 Castle Age
24:18 Stone Mining
24:18 Gold Mining
25:49 Bodkin Arrow
26:51 Iron Casting
26:33 Chain Mail Armor
28:06 Bow Saw
32:05 Imperial Age
33:25 Wheelbarrow
34:12 Chemistry
33:32 Ballistics
36:39 Ballistics
38:27 Anarchy
40:01 Two-Man Saw
微操大师蒋中正
7:45 Loom
10:05 Feudal Age
13:58 Castle Age
12:12 Double-Bit Axe
12:27 Horse Collar
25:44 Heavy Plow
25:57 Bow Saw
27:34 Wheelbarrow
32:19 Imperial Age
30:56 Hand Cart
30:27 Town Watch
32:51 Stone Mining
32:52 Gold Mining
34:08 Crop Rotation
34:44 Two-Man Saw
33:15 Elite Varangian Guard
34:32 Squires
35:07 Pikeman
35:33 Arson
36:34 Fervor
36:31 Gambesons
38:12 Scale Mail Armor
38:23 Forging
38:08 Halberdier
39:39 Chain Mail Armor
41:33 Plate Mail Armor
41:38 Iron Casting
41:12 Fletching
41:53 Conscription
41:30 Capped Ram
44:15 Bodkin Arrow
45:20 Blast Furnace
45:02 Siege Ram
46:20 Bracer
48:02 Padded Archer Armor
48:42 Onager
48:49 Crossbowman
48:50 Elite Skirmisher
50:04 Leather Archer Armor
50:08 Fortified Wall
55:41 Gold Mining
57:16 Stone Shaft Mining
68:11 Caravan
68:22 Guilds
68:42 Coinage
68:08 Light Cavalry
68:58 Bloodlines
68:49 Husbandry
71:31 Banking
等我升精锐
0:47 Loom
13:11 Feudal Age
14:21 Double-Bit Axe
16:59 Castle Age
15:22 Horse Collar
16:35 Town Watch
24:28 Fletching
26:30 Bow Saw
27:36 Wheelbarrow
32:35 Imperial Age
30:24 Gold Mining
30:24 Stone Mining
32:36 Bodkin Arrow
32:44 Scale Mail Armor
32:55 Forging
34:16 Pikeman
35:16 Chain Mail Armor
35:53 Gold Shaft Mining
35:54 Stone Shaft Mining
35:00 Elite Serjeant
35:31 Halberdier
37:52 Plate Mail Armor
37:58 Iron Casting
39:01 First Crusade
38:48 Hauberk
39:04 Conscription
40:36 Hauberk
40:53 First Crusade
40:54 Conscription
41:42 Blast Furnace
45:15 Bracer
46:41 Chemistry
45:53 Masonry
46:05 Ballistics
45:40 Murder Holes
45:51 Siege Engineers
48:17 Padded Archer Armor
48:28 Squires
48:14 Arson
49:13 Scale Barding Armor
49:53 Bloodlines
49:43 Husbandry
49:04 Cavalier
52:16 Chain Barding Armor
53:31 Plate Barding Armor
55:03 Light Cavalry
60:12 Coinage
61:49 Banking
64:09 Hand Cart
64:18 Caravan
66:11 Leather Archer Armor
69:15 Hoardings
72:26 Town Patrol
m00n
11:43 Feudal Age
15:44 Castle Age
13:32 Double-Bit Axe
14:53 Wheelbarrow
13:58 Horse Collar
17:09 Bow Saw
19:06 Hand Cart
28:01 Heavy Plow
31:03 Imperial Age
28:50 Forging
28:40 Scale Mail Armor
29:09 Ballistics
28:40 Guard Tower
29:00 Masonry
28:31 Treadmill Crane
29:11 Squires
28:56 Arson
29:36 Gold Mining
29:37 Stone Mining
30:59 Iron Casting
30:40 Chain Mail Armor
30:15 Fletching
30:26 Loom
32:14 Gold Shaft Mining
31:40 Gambesons
33:01 Chemistry
32:06 Elite Varangian Guard
32:46 Bodkin Arrow
33:26 Architecture
33:49 Thumb Ring
33:04 Crossbowman
33:51 Bracer
34:21 Plate Mail Armor
34:28 Crop Rotation
35:14 Two-Man Saw
34:18 Arbalester
35:10 Shield Wall
36:15 Conscription
36:28 Padded Archer Armor
36:35 Siege Engineers
37:07 Keep
36:17 Arrowslits
36:28 Murder Holes
36:47 Town Watch
38:38 Elite Skirmisher
39:50 Leather Archer Armor
41:18 Ring Archer Armor
41:42 Caravan
43:45 Conscription
53:33 Pikeman
55:06 Halberdier
PistonForjado
10:53 Loom
12:39 Feudal Age
15:18 Stone Mining
15:17 Double-Bit Axe
17:33 Castle Age
16:11 Fletching
16:48 Gold Mining
16:40 Horse Collar
18:27 Bow Saw
19:29 Bodkin Arrow
24:06 Bow Saw
26:56 Heavy Plow
33:13 Imperial Age
31:28 Padded Archer Armor
32:57 Wheelbarrow
32:47 Leather Archer Armor
32:51 Bloodlines
32:41 Husbandry
35:08 Chemistry
34:25 Bracer
35:34 Heavy Cavalry Archer
36:40 Parthian Tactics
37:15 Gold Shaft Mining
38:00 Ballistics
38:12 Thumb Ring
39:12 Ring Archer Armor
41:43 Hand Cart
43:11 Caravan
43:15 Guard Tower
43:11 Arrowslits
45:15 Keep
47:19 Two-Man Saw
47:27 Forging
47:32 Murder Holes
47:47 Masonry
48:45 Yasama
49:54 Treadmill Crane
52:37 Iron Casting
52:03 Scale Mail Armor
51:30 Man-at-Arms
51:55 Gambesons
52:10 Squires
53:48 Conscription
52:50 Long Swordsman
53:53 Chain Mail Armor
54:38 Blast Furnace
53:45 Arson
53:49 Two-Handed Swordsman
55:01 Plate Mail Armor
57:23 Siege Engineers
57:22 Champion
59:45 Fortified Wall
61:49 Pikeman
65:59 Elite Skirmisher
66:16 Halberdier
Zâbina
2:40 Loom
12:58 Feudal Age
17:45 Castle Age
15:40 Double-Bit Axe
16:26 Fletching
18:57 Horse Collar
30:20 Imperial Age
29:31 Wheelbarrow
29:08 Heavy Plow
29:29 Bow Saw
30:25 Fortified Wall
30:57 Hand Cart
31:51 Town Watch
32:34 Conscription
33:42 Siege Engineers
35:28 Town Patrol
39:29 Gold Mining
41:56 Two-Man Saw
41:00 Stone Mining
41:29 Pikeman
42:52 Halberdier
44:59 Scale Mail Armor
45:06 Arquebus
48:40 Caravan
61:51 Arquebus
66:31 Elite Organ Gun
EverydayGenius
3:42 Loom
10:33 Feudal Age
17:06 Castle Age
15:05 Double-Bit Axe
23:39 Bow Saw
23:22 Horse Collar
24:56 Wheelbarrow
24:15 Gold Mining
25:16 Scale Barding Armor
26:51 Heavy Plow
32:49 Imperial Age
31:08 Bloodlines
30:58 Husbandry
32:54 Caravan
33:20 Forging
33:33 Chain Barding Armor
33:35 Hand Cart
34:54 Cavalier
36:50 Chemistry
37:12 Forging
39:36 Plate Barding Armor
41:37 Iron Casting
42:04 Conscription
41:09 Light Cavalry
42:31 Crop Rotation
44:00 Blast Furnace
43:01 Scale Mail Armor
43:19 Gold Mining
43:19 Stone Mining
43:00 Hussar
45:11 Savar
Connection lost

Rejoining the realm…

Still unreachable

The connection could not be restored.

Session expired

The server has moved on; the page needs a fresh start.